 Dungeon Crawl Stone Soup version 0.23.1 (webtiles) character file.

Game seed: 2209172717914757798

58396 razor4143 the Tortoise (level 14, -19/132 HPs)
             Began as a Deep Dwarf Fighter on Mar 1, 2019.
             Was an Elder of Makhleb.
             Demolished by an orc warlord
             ... wielding a +3 bardiche
              (50 damage)
             ... on level 1 of the Orcish Mines.
             The game lasted 00:57:28 (16412 turns).

razor4143 the Tortoise (Deep Dwarf Fighter)        Turns: 16412, Time: 00:57:29

Health: -19/132    AC: 29    Str: 24    XL:     14   Next: 49%
Magic:  16/16      EV: 11    Int: 10    God:    Makhleb [****..]
Gold:   1633       SH:  5    Dex: 18    Spells: 13/13 levels left

rFire    . . .     SeeInvis .   z - +3 war axe
rCold    . . .     Gourm    .   g - +0 buckler {AC+3}
rNeg     + . .     Faith    +   K - +0 plate armour
rPois    .         Spirit   .   (no helmet)
rElec    .         Reflect  .   i - +2 cloak
rCorr    .         Harm     .   y - +0 pair of gloves
MR       ++...                  j - +2 pair of boots {Fly}
Stlth    ..........             c - amulet of faith
HPRegen  0.00/turn              H - +3 ring of slaying
MPRegen  0.15/turn              e - +6 ring of dexterity

@: flying, non-regenerating
A: damage resistance, heal wounds, negative energy resistance 1, sense
surroundings 2, no regeneration
a: Heal Wounds, Minor Destruction, Lesser Servant of Makhleb, Major Destruction,
Renounce Religion, Stop Flying


You were on level 1 of the Orcish Mines.
You worshipped Makhleb.
Makhleb was greatly pleased with you.
You were not hungry.

You visited 4 branches of the dungeon, and saw 19 of its levels.
You also visited: Sewer and Ice Cave.

You collected 1766 gold pieces.
You spent 133 gold pieces at shops.

Inventory:

Hand Weapons
 z - a +3 war axe (weapon)
Missiles
 M - a throwing net
 P - 5 poisoned tomahawks (quivered)
 X - 4 javelins
Armour
 g - a +0 buckler of protection (worn)
 i - a +2 cloak (worn)
 j - a +2 pair of boots of flying (worn)
 n - a +2 scale mail of cold resistance
 y - a +0 pair of gloves (worn)
 K - a +0 plate armour (worn)
Jewellery
 c - an amulet of faith (around neck)
 e - a +6 ring of dexterity (right hand)
 H - a +3 ring of slaying (left hand)
 I - an uncursed ring of flight
 J - an uncursed ring of resist corrosion
 R - an uncursed ring of protection from cold
 V - an uncursed ring of protection from magic
Wands
 b - a wand of flame (37)
 F - a wand of iceblast (6)
Scrolls
 k - 6 scrolls of identify
 m - a scroll of enchant armour {unknown}
 o - 2 scrolls of teleportation
 p - 2 scrolls of amnesia
 s - 4 scrolls of magic mapping
 t - a scroll of fear {unknown}
 u - 2 scrolls of enchant weapon {unknown}
 w - a scroll of fog {unknown}
 A - 2 scrolls of remove curse
 B - a scroll of vulnerability {unknown}
 N - a scroll of acquirement {unknown}
 Z - a scroll of noise {unknown}
Potions
 h - 5 potions of heal wounds
 q - a potion of agility
 r - 4 potions of curing
 v - a potion of mutation
 x - 2 potions of flight
 E - a potion of haste
 G - a potion of berserk rage
 O - a potion of cancellation {unknown}
 S - a potion of ambrosia {unknown}
 U - a potion of invisibility {unknown}
 W - a potion of might
Miscellaneous
 l - a fan of gales
Comestibles
 f - 32 rations


   Skills:
 + Level 10.2 Fighting
 - Level 14.0 Axes
 * Level 16.5 Armour
 * Level 6.3 Dodging
 - Level 3.2 Shields
 + Level 13.3 Invocations


You had 13 spell levels left.
You didn't know any spells.
Your spell library contained the following spells:

 Spells                   Type           Power        Failure   Level  Hunger
 Infusion                 Chrm           #...         96%         1    ##.....
 Magic Dart               Conj           #...         96%         1    ##.....
 Blink                    Tloc           N/A          99%         2    ###....
 Call Imp                 Summ           #.......     99%         2    ###....
 Shroud of Golubria       Chrm/Tloc      #.........   99%         2    ###....
 Slow                     Hex            #.......     99%         2    ###....
 Song of Slaying          Chrm           #.......     99%         2    ###....
 Conjure Flame            Conj/Fire      #.......     100%        3    ####...
 Mephitic Cloud           Conj/Pois/Air  #.......     100%        3    ####...
 Spectral Weapon          Hex/Chrm       #.......     100%        3    ####...
 Regeneration             Chrm/Necr      Unusable     N/A         3    N/A

Dungeon Overview and Level Annotations

Branches:
Dungeon (10/15)            Temple (1/1) D:6            Lair (6/6) D:9
  Swamp (0/4) Lair:2        Snake (0/4) Lair:2        Slime (0/5) Lair:5
    Orc (2/2) D:9
    Elf: Orc:2

Altars:
Ashenzari
Cheibriados
Dithmenos
Elyvilon
Fedhas
Gozag
Hepliaklqana
Kikubaaqudgha
Makhleb
Nemelex Xobeh
Okawaru
Qazlal
Ru
Sif Muna
Trog
Uskayaw
Vehumet
Wu Jian
Xom
Yredelemnul
Zin
The Shining One

Shops:
D:6 ?

Annotations:
D:2 1 exclusion
D:4 3 runed translucent doors, Bigbootyboy's ghost, amateur MiFi
D:5 3 runed translucent doors, Nova322's ghost, novice FoFi; axlevencent's ghost, novice FoWn; moonlapse's ghost, novice DrMo
Lair:1 2 transporters
Lair:2 1 runed translucent door, Hypnoxylon's ghost, journeyman TrMo


Innate Abilities, Weirdness & Mutations

You are resistant to damage.
You can heal yourself by infusing magical energy.
You resist negative energy. (rN+)
You passively map the area around you.
You do not regenerate.


Message History

* * * LOW HITPOINT WARNING * * *
The orc wizard shouts!
You fail to use your ability.
The orc wizard no longer looks unusually strong.
The orc wizard gestures wildly while chanting.
The orc wizard blinks!
The orc warlord roars a battlecry!
The orc wizard goes into a battle-frenzy!
You block the orc knight's attack.
You feel much better.
The orc no longer looks unusually strong.
The orc knight hits you with a +1 great mace of protection!
* * * LOW HITPOINT WARNING * * *
Unknown command.
Press: ? - help, Shift-Dir - straight line, f/p - orc warlord
Aim: an orc warlord, wielding a +3 bardiche and wearing a +0 plate armour (heavily wounded, unusually strong)
The orc warlord writhes in agony.
The orc knight no longer looks unusually strong.
The orc warlord hits you from afar with a +3 bardiche!!!
You die...

..........[#######
..........[.#.[..###
.#######....'.รท....##
..#####..[..))......##
........[..)#...[....#
...........##.#.[....##
..........###.........#
..........# #.#.[.....##
....).....# #...@......#####
...)[.#...# #.#.oo.^.....#.##
#...[###..###....o...[......#
#.....#....##.#.......[)[..###
#.....([....#.....o...#....#.###*
#..........['..................##
#.......[...[....)...............
##......[...#[.[[....#...........
.##........###....#..............


You could see an orc warlord, an orc knight, an orc wizard and an orc.

Vanquished Creatures
  2 catoblepae (Lair:5)
  3 hydras
  Erica (D:8)
  3 two-headed ogres
  6 death yaks
  An orc high priest (Orc:1)
  An orc knight (Orc:1)
  Pikel (D:7)
  An orc sorcerer (Orc:1)
  An ugly thing (IceCv)
  A manticore (D:9)
  10 elephants
  4 black mambas
  11 spiny frogs
  Maurice (D:8)
  A molten gargoyle (Lair:6)
  2 rime drakes (Lair:6)
  9 komodo dragons
  3 trolls
  A queen bee (D:9)
  A polar bear (Lair:6)
  7 dream sheep (Lair:5)
  13 blink frogs
  2 slime creatures (Lair:4)
  8 hippogriffs
  A spriggan (D:7)
  4 wyverns
  38 yaks
  4 fire bats (D:9)
  3 basilisks
  A hungry ghost (D:9)
  Grum (D:8)
  5 swamp worms (D:8)
  Menkaure (D:5)
  A warg (Orc:1)
  2 hell hounds
  11 porcupines
  28 water moccasins
  23 orc warriors
  4 slaves (D:7)
  7 ice beasts
  A sky beast (D:7)
  4 black bears
  2 necrophages
  A hornet zombie (D:9)
  7 ogres
  A phantom (D:9)
  3 centaurs
  9 crocodiles
  18 wolves
  2 big kobolds
  10 bullfrogs
  A gnoll sergeant (D:6)
  4 jellies
  2 troll zombies (D:9)
  A scorpion (D:4)
  5 wights (D:9)
  36 killer bees
  4 crimson imps
  3 lava snakes
  A centaur zombie (D:6)
  Crazy Yiuf (D:2)
  4 hounds
  8 orc priests
  A centaur skeleton (D:7)
  Jessica (D:3)
  2 iguanas
  14 orc wizards
  Terence (D:3)
  7 worker ants
  6 ogre zombies (D:9)
  3 hound skeletons
  8 gnolls
  22 adders
  8 river rats
  4 shadow imps
  An ooze (D:5)
  An adder zombie (D:9)
  An adder skeleton (D:8)
  5 worms
  2 dart slugs (D:4)
  4 leopard geckos
  65 orcs
  5 ball pythons
  7 bats
  5 giant cockroaches
  5 goblins
  4 hobgoblins
  5 jackals
  18 kobolds
  5 quokkas
  7 frilled lizards
  A goblin skeleton (D:9)
  3 goblin zombies (D:9)
  2 hobgoblin zombies (D:9)
  A jackal skeleton (D:4)
  A leopard gecko skeleton (D:6)
  17 orc zombies (D:9)
  A quokka skeleton (D:4)
  14 rats
  2 fire vortices (D:9)
  5 fungi
  4 plants
624 creatures vanquished.

Vanquished Creatures (collateral kills)
  An orc warlord (Orc:1)
  A fire dragon (Lair:6)
  Josephine (Lair:6)
  2 hydras (Lair:6)
  A lindwurm (Lair:6)
  An orc sorcerer (Orc:1)
  A black mamba (Lair:6)
  Joseph (D:7)
  2 molten gargoyles (Lair:6)
  2 komodo dragons (Lair:6)
  A troll (Orc:1)
  A polar bear (Lair:6)
  3 yaks (Lair:3)
  3 wraiths (Lair:6)
  A warg (Orc:1)
  2 water moccasins (Lair:3)
  3 hell hounds (Lair:6)
  2 orc warriors (Orc:1)
  A scorpion (D:7)
  3 lava snakes (Lair:6)
  2 orc priests
  A hound (D:9)
  3 orc wizards (Orc:1)
  2 orcs (Orc:1)
  2 orc zombies (D:9)
43 creatures vanquished.

Vanquished Creatures (others)
  An orc warrior (Orc:1)
  An orc wizard (D:7)
  A fire vortex (D:9)
  16 fungi
  15 plants
34 creatures vanquished.

Grand Total: 701 creatures vanquished

Notes
Turn   | Place    | Note
-------+----------+-------------------------------------------
     0 | D:1      | razor4143 the Deep Dwarf Fighter began the quest for the
                  | Orb.
     0 | D:1      | Reached XP level 1. HP: 20/20 MP: 1/1
   302 | D:1      | Reached XP level 2. HP: 27/27 MP: 2/2
   739 | D:2      | Found a snail-covered altar of Cheibriados.
   795 | D:1      | Reached XP level 3. HP: 30/33 MP: 3/3
  1245 | D:2      | Found a runed translucent door.
  1246 | D:2      | Noticed Crazy Yiuf
  1253 | D:2      | Killed Crazy Yiuf
  1253 | D:2      | Reached XP level 4. HP: 35/40 MP: 4/4
  1432 | D:2      | Reached skill level 5 in Axes
  1546 | D:2      | Reached XP level 5. HP: 46/46 MP: 5/5
  1913 | D:3      | Noticed Jessica
  1919 | D:3      | Killed Jessica
  1996 | D:3      | Reached XP level 6. HP: 39/55 MP: 6/6
  2279 | D:3      | Reached skill level 4 in Armour
  2356 | D:3      | Found a glowing drain.
  2362 | Sewer    | Entered a sewer
  2723 | D:3      | Found a sacrificial altar of Ru.
  2737 | D:3      | Found an iron altar of Okawaru.
  2750 | D:3      | Found a glowing silver altar of Zin.
  2750 | D:3      | Noticed Terence
  2761 | D:3      | Killed Terence
  2782 | D:3      | Found a bloodstained altar of Trog.
  2903 | D:4      | Reached skill level 5 in Armour
  2915 | D:4      | Reached XP level 7. HP: 28/61 MP: 7/7
  3303 | D:4      | Found a runed translucent gate.
  3304 | D:4      | Found a runed translucent gate.
  3304 | D:4      | Found an opulent altar of Gozag.
  3305 | D:4      | Found a runed translucent gate.
  3307 | D:4      | Noticed Bigbootyboy's ghost (amateur MiFi)
  3696 | D:5      | Entered Level 5 of the Dungeon
  3733 | D:5      | Found an ornate altar of the Wu Jian Council.
  3738 | D:5      | Noticed Menkaure
  3742 | D:5      | Killed Menkaure
  3742 | D:5      | Reached skill level 6 in Armour
  3765 | D:5      | Noticed a troll
  3782 | D:5      | Killed a troll
  3782 | D:5      | Reached XP level 8. HP: 25/68 MP: 8/8
  3887 | D:5      | Reached skill level 7 in Armour
  4382 | D:5      | Found a runed translucent gate.
  4383 | D:5      | Found a runed translucent gate.
  4384 | D:5      | Found a runed translucent gate.
  4385 | D:5      | Noticed moonlapse's ghost (novice DrMo)
  4385 | D:5      | Noticed axlevencent's ghost (novice FoWn)
  4385 | D:5      | Noticed Nova322's ghost (novice FoFi)
  4675 | D:6      | Found a sacrificial altar of Ru.
  4726 | D:6      | Found a staircase to the Ecumenical Temple.
  4730 | Temple   | Entered the Ecumenical Temple
  4949 | Temple   | Became a worshipper of Makhleb the Destroyer
  5057 | D:6      | Reached skill level 8 in Armour
  5239 | D:6      | Reached skill level 10 in Axes
  5589 | D:6      | Found Gesadde's Magic Scroll Shop.
  5617 | D:6      | Reached * piety under Makhleb
  5619 | D:6      | Gained mutation: You passively map the area around you.
                  | [Deep Dwarf growth]
  5619 | D:6      | Reached XP level 9. HP: 54/74 MP: 9/9
  5693 | D:6      | Bought a scroll of summoning for 133 gold pieces
  5901 | D:7      | Reached skill level 9 in Armour
  6022 | D:7      | Noticed Pikel
  6057 | D:7      | Killed Pikel
  6126 | D:7      | Noticed Joseph
  6150 | D:7      | Killed Joseph
  6190 | D:7      | Reached ** piety under Makhleb
  6190 | D:7      | Reached skill level 10 in Armour
  6808 | D:8      | Noticed Erica
  6815 | D:8      | Noticed a two-headed ogre
  6829 | D:8      | Killed Erica
  6829 | D:8      | Reached XP level 10. HP: 52/81 MP: 9/9
  6848 | D:8      | Killed a two-headed ogre
  6848 | D:8      | Reached skill level 11 in Armour
  6862 | D:8      | Noticed Grum
  6865 | D:8      | Noticed Maurice
  6878 | D:8      | Killed Maurice
  6884 | D:8      | Killed Grum
  7073 | D:8      | Reached *** piety under Makhleb
  7328 | D:8      | Reached skill level 12 in Armour
  7778 | D:9      | Noticed a two-headed ogre
  7787 | D:9      | Killed a two-headed ogre
  7787 | D:9      | Reached skill level 1 in Invocations
  7818 | D:9      | Noticed a manticore
  7847 | D:9      | Reached XP level 11. HP: 87/90 MP: 11/11
  7868 | D:9      | Reached **** piety under Makhleb
  7924 | D:9      | Found a staircase to the Lair.
  8134 | D:9      | Reached ***** piety under Makhleb
  8391 | D:9      | Found a radiant altar of Vehumet.
  8421 | D:9      | Found a hazy altar of Hepliaklqana.
  8532 | D:9      | Found a staircase to the Orcish Mines.
  8675 | D:9      | Reached skill level 5 in Invocations
  8717 | D:9      | Noticed a two-headed ogre
  8726 | D:9      | Killed a two-headed ogre
  8726 | D:9      | Reached skill level 13 in Armour
  8848 | D:9      | Reached skill level 5 in Fighting
  9106 | Lair:1   | Entered Level 1 of the Lair of Beasts
  9158 | Lair:1   | Found a transporter.
  9160 | Lair:1   | Noticed a fire crab
  9181 | Lair:1   | Found a transporter.
  9459 | Lair:1   | Reached XP level 12. HP: 74/104 MP: 16/16
  9584 | Lair:1   | Reached ****** piety under Makhleb
 10227 | Lair:2   | Found a staircase to the Swamp.
 10228 | Lair:2   | Noticed a death yak
 10228 | Lair:2   | Noticed a death yak
 10228 | Lair:2   | Noticed a death yak
 10250 | Lair:2   | Killed a death yak
 10254 | Lair:2   | Killed a death yak
 10273 | Lair:2   | Killed a death yak
 10273 | Lair:2   | Reached skill level 14 in Armour
 10558 | Lair:2   | Found a staircase to the Snake Pit.
 10612 | Lair:2   | Reached skill level 10 in Invocations
 10825 | Lair:2   | Noticed Hypnoxylon's ghost (journeyman TrMo)
 10826 | Lair:2   | Found a runed translucent door.
 11180 | Lair:3   | Found a frozen archway.
 11196 | IceCv    | Entered an ice cave
 11379 | IceCv    | Noticed a blizzard demon
 11380 | IceCv    | Noticed a balrug
 11582 | Lair:3   | Reached XP level 13. HP: 107/117 MP: 17/17
 12637 | Lair:4   | Reached skill level 15 in Armour
 13532 | Lair:5   | Found a staircase to the Slime Pits.
 14068 | Lair:6   | Entered Level 6 of the Lair of Beasts
 14307 | Lair:5   | Reached skill level 1 in Dodging
 14607 | Lair:6   | Gained mutation: You resist negative energy. (rN+) [Deep
                  | Dwarf growth]
 14607 | Lair:6   | Reached XP level 14. HP: 130/130 MP: 19/19
 14798 | Lair:6   | Reached skill level 16 in Armour
 15044 | Lair:6   | Found a large runed translucent door.
 15045 | Lair:6   | Found a large runed translucent door.
 15133 | Lair:6   | Noticed Josephine
 15138 | Lair:6   | Reached skill level 10 in Fighting
 15156 | Lair:6   | Reached skill level 5 in Dodging
 15156 | Lair:6   | Killed Josephine
 15470 | D:10     | Entered Level 10 of the Dungeon
 15595 | Orc:1    | Entered Level 1 of the Orcish Mines
 15654 | Orc:1    | Noticed an orc warlord
 15655 | Orc:1    | Noticed an orc warlord
 15904 | Orc:2    | Entered Level 2 of the Orcish Mines
 16018 | Orc:1    | Killed an orc warlord
 16271 | Orc:1    | Noticed an Executioner
 16412 | Orc:1    | Demolished by an orc warlord

Skill      XL: |  1  2  3  4  5  6  7  8  9 10 11 12 13 14 |
---------------+-------------------------------------------+-----
Axes           | 3 4 5 6 7 8 10 11 13 14 | 14.0
Armour         | 5 6 8 10 12 13 14 15 16 | 16.5
Fighting       | 3 5 8 9 10 | 10.2
Invocations    | 2 7 10 12 13 | 13.3
Dodging        | 3 6 |  6.3
Shields        | |  3.2

Action                   |  1- 3 |  4- 6 |  7- 9 | 10-12 | 13-15 || total
-------------------------+-------+-------+-------+-------+-------++-------
Melee: War axe           |    89 |   258 |   307 |   986 |   641 ||  2281
Throw: Tomahawk          |       |       |     4 |     2 |     7 ||    13
       Throwing net      |       |       |     2 |       |       ||     2
Invok: Lesser Servant of |       |       |       |     8 |     3 ||    11
       Greater Servant o |       |       |       |     2 |    13 ||    15
       Major Destruction |       |       |       |       |     7 ||     7
       Minor Destruction |       |       |       |       |     1 ||     1
 Abil: Heal Wounds       |       |     3 |     4 |     7 |    15 ||    29
Evoke: Wand              |       |       |    20 |    22 |    22 ||    64
       Fan of gales      |       |       |       |     2 |     1 ||     3
       Sack of spiders   |       |       |       |       |     1 ||     1
       Phantom mirror    |       |       |       |       |     1 ||     1
  Use: Scroll            |     5 |     5 |     2 |     8 |     7 ||    27
       Potion            |     1 |     1 |     3 |     1 |     6 ||    12
 Stab: Distracted        |       |       |       |       |     3 ||     3
  Eat: Chunk             |     1 |     6 |     9 |    10 |     7 ||    33
       Ration            |       |       |     1 |     3 |     2 ||     6
Armor: Scale mail        |    46 |   116 |   159 |    67 |       ||   388
       Plate armour      |       |       |       |   539 |   456 ||   995
Dodge: Dodged            |    31 |    81 |   116 |   319 |   278 ||   825
Block: Shield            |    45 |    39 |       |       |       ||    84
       Buckler           |       |    31 |    54 |   183 |   183 ||   451
